← All builds
Suicide front / Cortex / Economy first / OBSERVED BUILD

Standard suicide front

Cortex Suicide front build order · Supreme Isthmus

The role's baseline: bot lab first, economy expands through the first minutes, and Thugs with Aggravators and Grunts carry the fight to the middle as T2 approaches.

#eco #defence · 458 distinct matches · 86 players · 71% of Cortex Suicide front games · team won 52% of 474 · Recently observed

HOW TO PLAY IT

Key timing: Bot Lab by 0:34

  1. Take 3 mex, then rush a Bot Lab immediately for early army.
  2. Finish Bot Lab, start pumping Thug, Grunt and Aggravator.
  3. Push units to middle to contest and secure reclaim early.
  4. Add Advanced Metal Extractor to keep economy scaling with the fight.
  5. Hold middle with bots until T2 reinforcements arrive from Geo.

Phase by phase

TYPICAL OF ITS 458 GAMES
  1. 1
  2. 2
  3. 3
PLAY THE OPENING

Follow the example game's first 6:00 step by step: what to build now, what comes next, and where it goes. At 1× it keeps pace with your own game.

  1. 1

    Up to the Bot Lab

    Economy
    • Metal Extractor1Mex
    Order
    1. Bot LabBot Lab after 2 mexdone ~0:35, middle half 0:27–0:45

    By 0:18 in all: 1 mex

    The example game in this phase · 2 steps
    1. Mex ×2
    2. Bot LabBot Labdone 0:52 · typical 0:35
  2. 2

    Bot Lab to 5:00

    Economy
    • Metal Extractor4Mex
    • Wind Turbine3Wind
    Builders
    • Graverobber4 Graverobber
    • Construction Bot3 Con bot
    Army
    • Guard3 Guard
    • Thug15 Thug
    • Grunt3 Grunt
    Other
    • Radar Tower1 Radar Tower

    Some games also: aggravator (47%)

    By 5:00 in all: 5 mex · 3 wind

    The example game in this phase · 15 steps
    1. GraverobberGraverobber
    2. GruntGrunt ×3
    3. Construction BotCon bot ×3
    4. ThugThug
    5. Mex
    6. ThugThug ×2
    7. Radar TowerRadar Tower
    8. ThugThug
    9. Mex
    10. ThugThug ×2
    11. GuardGuard
    12. ThugThug ×2
    13. Mex
    14. ThugThug ×14
    15. GraverobberGraverobber ×2
  3. 3

    5:00 to 10:00

    Economy
    • Metal Extractor1Mex
    • Wind Turbine13Wind
    Builders
    • Construction Turret2 Con turret
    • Graverobber2 Graverobber
    • Construction Bot1 Con bot
    Army
    • Guard1 Guard
    • Thug7 Thug
    • Grunt3 Grunt

    Some games also: energy storage (48%) · aggravator (47%) · Radar Tower (41%) · Twin Guard (31%)

    By 10:00 in all: 6 mex · 18 wind · 1 energy storage · 2 con turret

    The example game in this phase · 56 steps
    1. GraverobberGraverobber
    2. ThugThug ×3
    3. GruntGrunt
    4. ThugThug ×2
    5. GruntGrunt ×2
    6. ThugThug
    7. GruntGrunt
    8. ThugThug
    9. GruntGrunt ×2
    10. ThugThug
    11. GruntGrunt
    12. ThugThug
    13. GruntGrunt ×18
    14. Con turret
    15. Wind
    16. Advanced Metal ExtractorT2 mexdone 9:59 · typical 9:46
    17. Wind
    18. Con turret
    19. Wind
    20. Metal storage
    21. Wind ×2
    22. Vehicle PlantVehicle Plantdone 10:19
    23. Wind
    24. Advanced Metal ExtractorT2 mex
    25. IncisorIncisor
    26. Wind
    27. IncisorIncisor
    28. Wind
    29. IncisorIncisor
    30. Wind
    31. IncisorIncisor
    32. Wind
    33. IncisorIncisor
    34. Advanced Metal ExtractorT2 mex
    35. Wind
    36. IncisorIncisor
    37. Wind
    38. IncisorIncisor ×3
    39. Wind
    40. IncisorIncisor ×3
    41. Advanced Metal ExtractorT2 mex
    42. Wind
    43. IncisorIncisor ×2
    44. Wind
    45. IncisorIncisor ×3
    46. Wind
    47. Advanced Metal ExtractorT2 mex
    48. IncisorIncisor ×4
    49. Wind
    50. IncisorIncisor
    51. Wind
    52. IncisorIncisor ×3
    53. Wind
    54. IncisorIncisor
    55. Wind
    56. IncisorIncisor

Counts are medians over the build's games: half of them build more, half fewer. The example game is ITz_redsun's (35 OS, 02/10/2026); pick another.

Team trades

IN AT LEAST 30% OF ITS GAMES

You hand over

Nothing regular.

You get

  • Tidal Generator4 Tidal from Pondfirst at 0:11 · in 68% of games
  • Advanced Construction Bot1 T2 con bot from Geo or Techfirst at 7:37 · in 57% of games

How it plays out

Typical game of this build, running totals by minute

Metal produced

010k20k
0:005:0010:0015:00

metal

Enemy metal destroyed

05k10k
0:005:0010:0015:00

metal

Own metal lost

05k10k15k
0:005:0010:0015:00

metal

474 games.

Show as table
ByMetal produced: This buildEnemy metal destroyed: This buildOwn metal lost: This build
1:0030600
2:0096400
3:002072198133
4:003165723636
5:00432816731430
6:00555025952412
7:00674536233531
8:00795045704501
9:00922452395488
10:001046559906304
11:001201765557138
12:001355670147974
13:001518476858753
14:001697884309413
15:0018420906910163
WHAT THE NUMBERS SAY

This is the role's baseline aggressive job, winning half its games while both dealing and taking heavy metal losses fighting at middle.

  • + Fastest Bot Lab of any role (0:34), gets units fighting almost immediately.
  • + Destroys 8805 enemy metal by 15:00 through constant middle pressure.
  • − Loses 10461 own metal by 15:00, more than it destroys.
  • − Metal production lags behind other front role at 18297 by 15:00.
THE EXAMPLE YOU ARE READING

ITz_redsun

35.2 OS · 02/10/2026

Open source match ↗

51 received units · includes a constructor
406 metal received · 25707 energy received

Allied construction assistance is unknown. Timings are observations, not a promise of solo reproducibility.

Typical milestones

Bot Lab0:35Middle 50%: 0:27–0:45 · n=470
Advanced Metal Extractor9:46Middle 50%: 8:50–10:57 · n=306

Played most by

_X_64games of this build_Hawkey_51games of this buildXXMACGAMERXX32games of this buildImmort30games of this buildGuiTou25games of this build